Map: Paladino Terminal LE

Players

Musumeci - Winner!

  • Race: Zerg Zerg
  • League: Diamond
  • Spawn Location: 5:00

Nilsson

  • Race: Protoss Protoss
  • League: Master
  • Spawn Location: 9:00

VOD

Have the link to the VOD?

Description

Time

  • Played on: March 12, 2017, 5:22 a.m.
  • Length: 13:11
Show
View Real Time Build Order
Export as new Build Order

Musumeci Zerg - Winner!

Build Orders: Hatch First 

Get SALT Encoding   

  12  0:00  Drone  
  13  0:08  Drone  
  14  0:15  Drone, Extractor  
  15  0:40  Hatchery  
  14  0:47  Drone, Extractor  
  15  1:03  Spawning Pool  
  14  1:13  Overlord  
  14  1:49  Zergling x6  
  17  1:56  Drone  
  18  2:04  Drone x2  
  20  2:15  Queen  
  22  2:20  Drone  
  23  2:23  Drone  
  23  2:29  Extractor  
  23  2:40  Drone x4  
  26  2:59  Zergling x4  
  27  3:21  Zergling x2  
  28  3:36  Overlord x3  
  28  3:51  Queen  
  27  4:00  Metabolic Boost  
  27  4:02  Zergling x2  
  28  4:03  Zergling x4  
  30  4:13  Overlord  
  30  4:16  Drone x4  
  34  4:30  Zergling x10, Baneling Nest  
  38  4:33  Hatchery  
  38  4:36  Extractor  
  36  4:40  Roach Warren  
  35  4:48  Evolution Chamber  
  34  5:05  Drone x5  
  36  5:30  Baneling x2  
  31  5:57  Zergling x4  
  31  5:58  Zergling x2  
  31  6:03  Drone x7  
  40  6:37  Drone  
  40  6:38  Drone x9  
  50  6:41  Queen  
  50  6:43  Roach x3  
  56  6:58  Drone  
  56  6:59  Overlord x3  
  57  7:02  Lair  
  57  7:04  Zerg Melee Weapons Level 1  
  57  7:05  Extractor  
  56  7:11  Roach  
  56  7:14  Overlord  
  57  7:18  Roach  
  57  7:19  Roach x6  
  71  7:25  Roach  
  71  7:28  Ravager x3  
  76  7:39  Ravager  
  76  7:40  Ravager  
  76  7:41  Drone  
  76  7:42  Drone x2, Extractor  
  79  7:58  Ravager  
  79  8:14  Overlord x5  
  79  8:33  Roach x13  
  91  8:42  Ravager  
  91  8:43  Ravager  
  93  8:50  Roach x3  
  99  8:58  Ravager  
  99  9:00  Roach x3  
  106  9:20  Roach x5  
  116  9:37  Roach  
  114  9:38  Roach x2  
  116  9:47  Overlord x3  
  100  10:11  Ravager x6  
  100  10:12  Ravager  
  103  10:25  Roach x7  
  102  10:46  Roach x6  
  114  10:56  Hatchery  
  113  11:34  Ravager x5  
  113  11:35  Roach x3  
  124  11:55  Overlord x3  
  124  11:56  Hatchery, Overlord  
  120  12:13  Roach  
  120  12:14  Roach x8  
  109  12:23  Ravager x3  
  109  12:24  Ravager x3  
  115  12:40  Roach x5  
  122  12:45  Ravager  
Show
View Real Time Build Order
Export as new Build Order

Nilsson Protoss 

Build Orders:  

Get SALT Encoding   

  12  0:13  Probe (Chrono Boost)  
  13  0:24  Probe (Chrono Boost)  
  14  0:28  Pylon  
  14  0:35  Probe (Chrono Boost)  
  15  0:47  Probe (Chrono Boost)  
  16  0:50  Gateway  
  16  0:57  Probe (Chrono Boost)  
  17  1:04  Pylon  
  17  1:11  Forge  
  17  1:14  Probe (Chrono Boost)  
  18  1:26  Probe (Chrono Boost)  
  19  1:37  Probe (Chrono Boost)  
  20  1:50  Nexus  
  20  1:57  Probe (Chrono Boost)  
  21  2:06  Cybernetics Core  
  21  2:09  Assimilator  
  21  2:11  Zealot, Pylon  
  23  2:21  Probe (Chrono Boost)  
  24  2:25  Assimilator  
  24  2:35  Zealot  
  25  3:00  Probe (Chrono Boost)  
  25  3:05  Probe (Chrono Boost)  
  26  3:12  Warp Gate, Probe (Chrono Boost)  
  27  3:14  Pylon  
  27  3:16  Probe (Chrono Boost)  
  27  3:17  Pylon  
  28  3:24  Probe (Chrono Boost)  
  29  3:27  Twilight Council  
  29  3:33  Probe (Chrono Boost)  
  29  3:36  Probe (Chrono Boost)  
  30  3:42  Adept  
  31  3:55  Protoss Ground Armor Level 1  
  31  3:56  Probe (Chrono Boost)  
  31  3:57  Resonating Glaives  
  31  3:58  Probe (Chrono Boost)  
  31  4:00  Gateway  
  31  4:01  Gateway  
  35  4:10  Probe x2 (Chrono Boost)  
  35  4:22  Probe x2 (Chrono Boost)  
  37  4:26  Assimilator  
  37  4:28  Sentry  
  39  4:36  Pylon  
  41  4:38  Probe x2 (Chrono Boost)  
  41  4:40  Pylon  
  41  4:51  Probe x2 (Chrono Boost)  
  43  5:00  Gateway x2  
  43  5:03  Probe x2 (Chrono Boost)  
  43  5:05  Gateway  
  45  5:08  Gateway  
  45  5:13  Gateway  
  45  5:17  Mothership Core (Chrono Boost)  
  43  5:25  Pylon  
  41  5:30  Adept  
  41  5:34  Adept  
  42  5:39  Probe (Chrono Boost)  
  40  5:47  Probe (Chrono Boost)  
  41  5:50  Probe (Chrono Boost)  
  36  5:59  Probe (Chrono Boost)  
  36  6:00  Probe (Chrono Boost)  
  38  6:09  Adept x2  
  38  6:11  Probe x2 (Chrono Boost)  
  44  6:23  Probe (Chrono Boost)  
  43  6:34  Probe (Chrono Boost)  
  43  6:36  Stalker, Probe (Chrono Boost)  
  43  6:37  Stalker  
  43  6:38  Adept x4  
  57  6:54  Probe (Chrono Boost)  
  58  6:55  Adept x2  
  62  7:01  Sentry x2  
  62  7:02  Sentry  
  68  7:12  Adept x3  
  74  7:17  Pylon  
  74  7:22  Adept x2  
  78  7:30  Pylon  
  78  7:38  Pylon  
  78  8:02  Stalker x4  
  78  8:03  Stalker  
  88  8:16  Pylon  
  88  8:18  Pylon  
  88  8:20  Stalker x2, Gateway  
  92  8:41  Stalker x2  
  96  9:03  Assimilator  
  96  9:10  Stalker x4  
  104  9:19  Assimilator  
  104  9:20  Sentry  
  104  9:24  Assimilator  
  106  9:29  Stalker  
  108  9:50  Stalker  
  90  10:09  Stalker x2  
  90  10:10  Stalker x3  
  80  10:31  Stalker  
  80  10:32  Stalker x4  
  90  10:38  Zealot x3  
  90  10:39  Zealot  
  98  10:56  Sentry  
  98  10:57  Sentry  
  98  10:59  Zealot  
  98  11:00  Zealot x4  
  108  11:12  Sentry  
  110  11:20  Pylon  
  110  11:21  Pylon  
  110  11:23  Pylon  
  110  11:25  Pylon  
  110  11:42  Stalker x4  
  110  11:43  Stalker x3  
  122  11:58  Nexus  
  122  12:01  Pylon  
  80  12:23  Stalker  
  80  12:24  Stalker x4  
  80  12:25  Stalker  
  92  12:49  Stalker x3  
Tags
 
Add a new tag
Caveats
  • Supply blocks, unpowered buildings, or Contaminate may cause inaccurate times.
  • Supply counts are checked every 10 seconds.